 Dungeon Crawl Stone Soup version 0.31-a0-981-geadf994542 (webtiles) character file.

Game seed: 561249737152132217

431 Zonian the Vexing (level 6, -1/34 HPs)
             Began as a Deep Elf Hexslinger on Nov 2, 2023.
             Was an Initiate of Gozag.
             Slain by a crimson imp
             ... wielding a +0 dagger of chaos
              (18 damage)
             ... on level 5 of the Dungeon.
             The game lasted 00:16:08 (6164 turns).

Zonian the Vexing (Deep Elf Hexslinger)             Turns: 6164, Time: 00:16:09

Health: -1/34      AC:  3    Str:  5    XL:     6   Next: 66%
Magic:  13/14      EV: 14    Int: 20    God:    Gozag
Gold:   427        SH:  0    Dex: 17    Spells: 5/13 levels left

rFire   . . .        a - +4 sling
rCold   + . .        (no shield)
rNeg    . . .        c - +1 robe
rPois   .            (no helmet)
rElec   .            (no cloak)
rCorr   .            (no gloves)
SInv    .            (no boots)
Will    .....        (no amulet)
Stlth   ++           (no ring)
HPRegen 0.25/turn    s - ring of protection from cold
MPRegen 0.14/turn

%: no passive effects
@: mighty, weak-willed, jinxed
A: no striking features
a: Renounce Religion, Potion Petition, Call Merchant, Bribe Branch


You were on level 5 of the Dungeon.
You worshipped Gozag.
Gozag was aware of your devotion.
You visited 1 branch of the dungeon, and saw 5 of its levels.

You collected 471 gold pieces.
You paid 44 gold pieces to Gozag.

Inventory:

Hand Weapons
 a - a +4 sling (weapon)
 e - a +0 dagger
 j - the +7 hand axe "Soalo" {flame, Dex+3}
   (You found it on level 2 of the Dungeon)

   Dex+3:     It affects your dexterity (+3).
 m - a +0 rapier
 y - a +0 dagger of venom
Missiles
 f - 2 curare-tipped darts
 h - 2 throwing nets
 n - 11 poisoned darts
 o - 14 boomerangs
Armour
 c - a +1 robe (worn)
 z - a +0 leather armour
Jewellery
 k - a ring of fire
 s - a ring of protection from cold (right hand)
 u - an amulet of the acrobat
 w - an amulet of reflection
Wands
 l - a wand of flame (15)
Scrolls
 b - 2 scrolls of poison
 i - a scroll of enchant armour
 v - a scroll of vulnerability
 A - 2 scrolls of enchant weapon
Potions
 d - a potion of haste
 g - 2 potions of enlightenment
 p - 3 potions of attraction
 q - 2 potions of might
 t - a potion of ambrosia {unknown}
 B - a potion of heal wounds


   Skills:
 - Level 1.3 Fighting
 + Level 4.8 Ranged Weapons
 + Level 4.3 Dodging
 + Level 3.0 Stealth
 + Level 4.2 Spellcasting
 + Level 5.5 Hexes
 - Level 1.8 Fire Magic


You had 5 spell levels left.
You knew the following spells:

 Your Spells              Type           Power      Damage    Failure   Level
a - Jinxbite              Hex            52%        N/A       1%          2
b - Sigil of Binding      Hex            26%        N/A       3%          3
c - Inner Flame           Hex/Fire       19%        N/A       9%          3

Your spell library contained the following spells:

 Spells                   Type           Power      Damage    Failure   Level
 Tukima's Dance           Hex            26%        N/A       3%          3
 Apportation              Tloc           8%         N/A       13%         1
 Cause Fear               Hex            13%        N/A       13%         4
 Cigotuvi's Dreadful Rot  Necr/Pois/Air  8%         N/A       19%         2
 Ignite Poison            Fire/Tmut/Pois 6%         N/A       30%         3
 Dimensional Bullseye     Hex/Tloc       7%         N/A       36%         4
 Yara's Violent Unravell  Hex/Tmut       7%         3d5       73%         5
 Passage of Golubria      Tloc           4%         N/A       77%         4
 Alistair's Intoxication  Tmut/Pois      2%         N/A       98%         5


Dungeon Overview and Level Annotations

Branches:
Dungeon (5/15)
 Temple: D:4-7

Altars:
Gozag
Hepliaklqana
Makhleb
Okawaru
Vehumet
Zin

Annotations:
D:4 1 runed translucent door


Message History

You are poisoned.
Fire: a) +4 sling
Press: ? - help, Q - select action, (/) - cycle Shift-Dir - straight line, f/p - crimson imp
Aim: a crimson imp, wielding a +0 dagger of chaos (heavily wounded, chance to call a sprite on attack: 39%, 51% to hit)
You shoot a sling bullet.
The sling bullet barely misses the crimson imp.
You feel sick.
The crimson imp hits you with a +0 dagger of chaos.
The crimson imp burns you.
Fire: a) +4 sling
Press: ? - help, Q - select action, (/) - cycle Shift-Dir - straight line, f/p - crimson imp
Aim: a crimson imp, wielding a +0 dagger of chaos (heavily wounded, chance to call a sprite on attack: 39%, 51% to hit)
You shoot a sling bullet. The sling bullet hits the crimson imp.
The crimson imp is severely wounded.
You feel sick.
The crimson imp hits you but does no damage.
Fire: a) +4 sling
Press: ? - help, Q - select action, (/) - cycle Shift-Dir - straight line, f/p - crimson imp
Aim: a crimson imp, wielding a +0 dagger of chaos (severely wounded, chance to call a sprite on attack: 39%, 51% to hit)
You shoot a sling bullet.
The sling bullet barely misses the crimson imp.
You feel sick.
The crimson imp hits you with a +0 dagger of chaos.
You are more poisoned.
The crimson imp closely misses you.
Unknown command.
You feel better.
The crimson imp hits you with a +0 dagger of chaos.
You feel very mighty all of a sudden.
Unknown command.
Fire: a) +4 sling
Press: ? - help, Q - select action, (/) - cycle Shift-Dir - straight line, f/p - crimson imp
Aim: a crimson imp, wielding a +0 dagger of chaos (heavily wounded, chance to call a sprite on attack: 39%, 51% to hit)
You shoot a sling bullet.
The sling bullet barely misses the crimson imp.
The crimson imp hits you with a +0 dagger of chaos.
You are electrocuted!!
Ouch! That really hurt!
You die...
Your body crumbles into a pile of gold.

#####.#.# ##.##.# #......#
#.#.# #.##.###.####.# ####.#.#
#.###...#####.### #......# ###
#+#####.........# #.##.### #_.
#..## #.#####.#.# ##.##.# #.5
#...###.# ###.#.# ......## #..
#....##.###.#.#.#
##.#...#####'##.....#.##....#.#
..........'.....@5..+.<.....#.#
##.#...####.........#.........#
#..#.## ##.......##.###..#.##
##.### ##.....### ##.###.## #.#
##...## #.## ##.# ###.#####
##+## ##.###.## ........#####
#.# #.####.#.## ###.#.......#
#.# ###.......## #
#.#.#.###.###.###.#######.#


You could see a crimson imp.

Vanquished Creatures
  A scorpion (D:5)
  A howler monkey (D:5)
  2 jellies
  An orc priest (D:5)
  A sleepcap (D:5)
  An iguana (D:4)
  6 adders
  4 gnolls
  A worm (D:3)
  3 dart slugs
  17 orcs
  3 ball pythons
  11 endoplasms
  3 giant cockroaches
  6 goblins
  2 hobgoblins
  3 kobolds
  2 quokkas
  5 bats
  3 frilled lizards
  3 rats
79 creatures vanquished.

Notes
Turn   | Place    | Note
-------+----------+-------------------------------------------
     0 | D:1      | Zonian the Deep Elf Hexslinger began the quest for the Orb.
     0 | D:1      | Reached XP level 1. HP: 11/11 MP: 5/5
   259 | D:1      | Reached XP level 2. HP: 16/16 MP: 6/6
   351 | D:1      | Reached skill level 1 in Fighting
   971 | D:2      | Identified the "Zizafask"
  1040 | D:2      | Reached XP level 3. HP: 19/20 MP: 8/8
  1189 | D:2      | Learned a level 2 spell: Jinxbite
  1429 | D:2      | Identified the +7 hand axe "Soalo" {flame, Dex+3}
  1573 | D:2      | Found a faded altar of an unknown god.
  1815 | D:3      | Learned a level 3 spell: Sigil of Binding
  1938 | D:3      | Reached XP level 4. HP: 25/25 MP: 9/9
  1989 | D:3      | Found an opulent altar of Gozag.
  2010 | D:3      | Learned a level 3 spell: Inner Flame
  2020 | D:3      | Became a worshipper of Gozag Ym Sagoz the Greedy
  2275 | D:3      | Reached skill level 1 in Stealth
  2593 | D:4      | Found an iron altar of Okawaru.
  2593 | D:4      | Found a runed translucent door.
  2599 | D:4      | Noticed a gnoll sergeant
  2600 | D:4      | Found the +0 toga "Victory" {*Victory Clar}
  3059 | D:4      | Reached XP level 5. HP: 24/29 MP: 11/11
  3852 | D:5      | Entered Level 5 of the Dungeon
  4192 | D:5      | Reached skill level 5 in Hexes
  4325 | D:5      | Reached XP level 6. HP: 32/34 MP: 11/13
  4614 | D:5      | Found a hazy altar of Hepliaklqana.
  4711 | D:5      | Found a radiant altar of Vehumet.
  5283 | D:5      | Found a glowing silver altar of Zin.
  6152 | D:5      | Found a burning altar of Makhleb.
  6164 | D:5      | Slain by a crimson imp

Illustrated notes

Levels and vault maps discovered:
D:1:      denvon_arrival_planthouse, layout_basic
D:2:      layout_rooms, serial_corexii_hall, corexii_hall_statues_l,
          corexii_hall_statues_t, corexii_hall_statues_x,
          chequers_hall_statues_corner_a, nicolae_ecumenical_oubliette
D:3:      layout_basic, grunt_gozag_breadcrumbs
D:4:      layout_loops_ring, nicolae_overflow_guarded_unrand_okawaru_victory
D:5:      layout_loops_corners, grunt_temple_overflow_champion_of_chaos,
          mainiacjoe_overflow_brackets, lemuel_coloured_pillars_altar,
          lemuel_crystal_altar, serial_bayou_lagoon_a

Skill      XL: |  1  2  3  4  5  6 |
---------------+-------------------+-----
Fighting       | 1 |  1.3
Ranged Weapons | 3 4 |  4.8
Spellcasting   | 2 3 4 |  4.2
Dodging        | 3 4 |  4.3
Stealth        | 1 2 3 |  3.0
Hexes          | 5 |  5.5
Fire Magic     | |  1.8

Action                     |  1- 3 |  4- 6 || total
---------------------------+-------+-------++-------
  Melee: Hand axe          |     8 |       ||     8
   Fire: Sling             |   119 |   189 ||   308
  Throw: Dart              |       |     1 ||     1
   Cast: Jinxbite          |     1 |     3 ||     4
         Sigil of Binding  |       |     1 ||     1
  Evoke: Wand              |       |     1 ||     1
    Use: Scroll            |     6 |     7 ||    13
         Potion            |       |     4 ||     4
   Stab: Sleeping          |     1 |       ||     1
 Armour: Robe              |    26 |    46 ||    72
  Dodge: Dodged            |    43 |    67 ||   110

Table legend: (Time is in decaauts)
 A = Elapsed time spent in this place.
 B = Non-inter-level travel time spent in this place.
 C = Inter-level travel time spent in this place.
 D = Time resting spent in this place.
 E = Time spent auto-exploring this place.
 F = Levels seen in this place.
 G = Mean time per level.
                   A        B        C        D        E       F      G
               +--------+--------+--------+--------+--------+-----+--------+
         Total |   6226 |   6111 |    115 |   2217 |   2745 |   5 | 1245.2 |
       Dungeon |   6226 |   6111 |    115 |   2217 |   2745 |   5 | 1245.2 |
               +--------+--------+--------+--------+--------+-----+--------+

Top non-repeatable levels by time:
     D:5: 2340 daAuts
     D:3: 1128 daAuts
     D:1: 982 daAuts
     D:4: 922 daAuts
     D:2: 851 daAuts
